 Dungeon Sprint DCSS version 0.22-a0-367-gb72a975701 (webtiles) character file.

6 KillingSpree the Ducker (level 1, 0/16 HPs)
             Began as a Spriggan Berserker on Apr 22, 2018.
             Was a Believer of Trog.
             Slain by an orc wizard
             ... wielding a +0 dagger
              (2 damage)
             ... in the Dungeon (Sprint IX: "|||||||||||||||||||||||||||||").
             The game lasted 00:00:14 (81 turns).

KillingSpree the Ducker (Spriggan Berserker)          Turns: 81, Time: 00:00:14

Health: 0/16       AC:  2    Str: 18    XL:     1   Next: 75%
Magic:  2/2        EV: 20    Int:  8    God:    Trog [**....]
Gold:   0          SH:  0    Dex: 15    Spells: 0/0 levels left

rFire    . . .     SeeInvis +   a - +0 short sword
rCold    . . .     Gourm    .   (shield restricted)
rNeg     . . .     Faith    .   b - +0 animal skin
rPois    .         Spirit   .   (helmet restricted)
rElec    .         Reflect  .   (no cloak)
rCorr    .         Harm     .   (gloves unavailable)
MR       .....     NoTele   +   (boots unavailable)
Stlth    ..........             (no amulet)
HPRegen  0.05/turn              (no ring)
MPRegen  0.08/turn              (no ring)

@: berserking, lethally poisoned (0 -> -7), very quick
A: very small, unfitting armour, see invisible, herbivore, speed 3, slow
metabolism 2
a: Berserk, Trog's Hand, Renounce Religion


You were in the Dungeon.
You worshipped Trog.
Trog was pleased with you.
You were not hungry.

You visited 1 branch

Inventory:

Hand Weapons
 a - a +0 short sword (weapon)
Armour
 b - a +0 animal skin (worn)
Scrolls
 i - a scroll of blinking
Potions
 d - a potion of curing
 e - a potion of heal wounds
 f - a potion of haste
 g - 2 potions of magic
 h - a potion of berserk rage
Comestibles
 c - a ration


   Skills:
 + Level 2.9 Fighting
 + Level 3.8 Short Blades
 + Level 5.2 Dodging
 * Level 2.2 Stealth


You couldn't memorise any spells.
You didn't know any spells.

Dungeon Overview and Level Annotations

Branches:
Dungeon (1/1)

Altars:


Innate Abilities, Weirdness & Mutations

You are very small and have problems with some larger weapons.
You are too small for most types of armour.
You have supernaturally acute eyesight. (SInv)
You are a herbivore.
You cover ground extremely quickly.
You need to consume almost no food.


Message History

You hit the worker ant.
The worker ant is lightly wounded.
You feel sick. The worker ant barely misses you.
You hit the worker ant.
The worker ant is lightly wounded.
The worker ant misses you.
You barely miss the worker ant.
The worker ant is lightly wounded.
The orc wizard mumbles some strange words.
The orc wizard blinks!
You barely miss the worker ant.
The worker ant is lightly wounded.
You feel sick. The worker ant completely misses you.
The orc wizard gestures at you while chanting.
The magic dart hits you!
* * * LOW HITPOINT WARNING * * *
You puncture the worker ant!
The worker ant is heavily wounded.
The worker ant closely misses you. The orc wizard hits you with a dagger.
You die...

▓+▓
▓.▓
▓.▓
▓5▓
▓S▓
▓5▓
▓a▓
▓@▓
▓o▓
▓.▓
▓.▓
▓.▓
▓†▓
▓.▓
▓.▓
▓.▓


You could see a worker ant, an orc wizard, 2 crimson imps and an adder.

Vanquished Creatures
  A leopard gecko (D)
  A goblin (D)
  A kobold (D)
  A bat (D)
  A rat (D)
5 creatures vanquished.

Notes
Turn   | Place    | Note
-------+----------+-------------------------------------------
     0 | D        | KillingSpree the Spriggan Berserker began the quest for the Orb.
     0 | D        | Reached XP level 1. HP: 11/11 MP: 2/2
     7 | D        | Reached skill level 1 in Stealth
    17 | D        | Reached ** piety under Trog
    17 | D        | Reached skill level 5 in Dodging
    75 | D        | Noticed a crimson imp
    75 | D        | Noticed an orc wizard
    75 | D        | Noticed a crimson imp
    75 | D        | Noticed a worker ant
    81 | D        | Slain by an orc wizard

Vault maps used:
D:        linesprint

Skill      XL: |  1 |
---------------+----+-----
Stealth        | 2 |  2.2
Dodging        | 5 |  5.2
Fighting       | |  2.9
Short Blades   | |  3.8

Action                   || total
-------------------------++-------
Melee: Short sword       ||    27
Invok: Berserk           ||     1
Armor: Animal skin       ||     1
Dodge: Dodged            ||    21

Table legend:
 A = Spawn XP
 B = Non-spawn XP
 C = Spawn XP percentage of total XP
 D = Spawn monster count
 E = Non-spawn monster count
 F = Spawn count percentage of total count
 G = Total turns spent on level
                    A         B        C        D         E        F      G
               +---------+---------+-------+---------+---------+-------+---------
         Total |       0 |       9 |   0.0 |       0 |       5 |   0.0 |    81
               +---------+---------+-------+---------+---------+-------+---------
             D |       0 |       9 |   0.0 |       0 |       5 |   0.0 |    81
               +---------+---------+-------+---------+---------+-------+---------
